 Dungeon Crawl Stone Soup version 0.27.1-34-g3ba077fa99 (webtiles) character file.

Game seed: 7498805119130180115

11 Nixze the Stinger (level 2, -3/21 HPs)
             Began as a Demonspawn Venom Mage on Jan 1, 2022.
             Slain by an adder (4 damage)
             ... on level 2 of the Dungeon.
             The game lasted 00:02:14 (625 turns).

Nixze the Stinger (Demonspawn Venom Mage)            Turns: 625, Time: 00:02:15

Health: -3/21      AC:  4    Str:  8    XL:     2   Next: 13%
Magic:  0/5        EV: 12    Int: 16    God:
Gold:   57         SH:  0    Dex: 13    Spells: 4/5 levels left

rFire    . . .     SeeInvis .   (no weapon)
rCold    . . .     Faith    .   (no shield)
rNeg     . . .     Spirit   .   a - +0 robe
rPois    .         Reflect  .   (no helmet)
rElec    .         Harm     .   (no cloak)
rCorr    .         Rampage  .   (no gloves)
Will     .....                  (no boots)
Stlth    ++........             (no amulet)
HPRegen  0.07/turn              (no ring)
MPRegen  0.09/turn              (no ring)

@: no status effects
A: slimy green scales 1
a: no special abilities


You were on level 2 of the Dungeon.
You visited 1 branch of the dungeon, and saw 2 of its levels.

You collected 57 gold pieces.

Inventory:

Armour
 a - a +0 robe (worn)


   Skills:
 + Level 1.3 Fighting
 - Level 2.0 Dodging
 - Level 2.0 Stealth
 - Level 2.0 Spellcasting
 - Level 1.0 Transmutations
 - Level 3.0 Poison Magic


You had 4 spell levels left.
You knew the following spells:

 Your Spells              Type           Power      Damage    Failure   Level
a - Sting                 Tmut/Pois      32%        1d4       9%          1

Your spell library contained the following spells:

 Spells                   Type           Power      Damage    Failure   Level
 Poisonous Vapours        Pois/Air       12%        N/A       17%         2
 Mephitic Cloud           Conj/Pois/Air  4%         N/A       38%         3
 Olgreb's Toxic Radiance  Pois           11%        N/A       52%         4


Dungeon Overview and Level Annotations

Branches:
Dungeon (1/15)

Altars:


Innate Abilities, Weirdness & Mutations

You are partially covered in slimy green scales. (AC +2)


Message History

The adder closely misses you.
You aren't carrying any potions.
As you read the scroll labelled ZEELIR XINORY, it crumbles to dust.
It is a scroll of amnesia.
Really abort (and waste the scroll)? [Y]es or [N]o only, please.
Really abort (and waste the scroll)? [Y]es or [N]o only, please.
Really abort (and waste the scroll)? [Y]es or [N]o only, please.
Really abort (and waste the scroll)? [Y]es or [N]o only, please.
Really abort (and waste the scroll)? [Y]es or [N]o only, please.
Really abort (and waste the scroll)? [Y]es or [N]o only, please.
Really abort (and waste the scroll)? [Y]es or [N]o only, please.
Really abort (and waste the scroll)?
Okay, then.
You feel sick. The adder misses you. The adder bites you but does no damage.
The adder barely misses you.
You hit the adder.
The adder is heavily wounded.
You feel sick. The adder bites you.
* * * LOW HITPOINT WARNING * * *
The adder bites you.
* * * LOW HITPOINT WARNING * * *
The adder barely misses you.
You hit the adder but do no damage.
The adder is almost dead.
You feel sick.
You are no longer poisoned.
The adder bites you.
* * * LOW HITPOINT WARNING * * *
The adder completely misses you.
You hit the adder.
You kill the adder!
The adder bites you.
You die...

########## ......S@.#
.#.#####.# ........#
.......?#
........###############
.......!...............#
...S.....#############.#
........................
.........#.###..######..


You could see an adder (poisoned).

Vanquished Creatures
  An adder (D:2)
  A dart slug (D:2)
  2 ball pythons (D:2)
  An endoplasm (D:2)
  2 hobgoblins (D:2)
  A quokka (D:2)
8 creatures vanquished.

Notes
Turn   | Place    | Note
-------+----------+-------------------------------------------
     0 | D:1      | Nixze the Demonspawn Venom Mage began the quest for the
                  | Orb.
     0 | D:1      | Reached XP level 1. HP: 13/13 MP: 3/3
    77 | D:1      | You fall into a shaft and drop 1 floor!
    82 | D:2      | Reached skill level 1 in Transmutations
   449 | D:2      | Reached skill level 1 in Fighting
   449 | D:2      | Gained mutation: You are partially covered in slimy green
                  | scales. (AC +2) [demonic ancestry]
   449 | D:2      | Reached XP level 2. HP: 19/21 MP: 0/5
   624 | D:2      | HP: 1/21 [adder (1)]
   625 | D:2      | Slain by an adder

Illustrated notes

Levels and vault maps discovered:
D:1:      dpeg_arrival_chambers_temple_mockup, layout_basic,
          shapermc_ecumenical_altar_mp_urbaneastern, minmay_cut_off
D:2:      layout_loops_ring

Skill      XL: |  1 |
---------------+----+-----
Transmutations | 1 |  1.0
Stealth        | 2 |  2.0
Dodging        | 2 |  2.0
Fighting       | 1 |  1.3
Spellcasting   | |  2.0
Poison Magic   | |  3.0

Action                   || total
-------------------------++-------
Melee: Unarmed           ||     9
 Cast: Sting             ||    21
  Use: Scroll            ||     1
Armor: Robe              ||     4
Dodge: Dodged            ||    14
